 Dungeon Crawl Stone Soup version 0.29-a0-1016-g236c7fd91e (webtiles) character file.

Game seed: 11233602618684370339

53 drpainis the Sneak (level 3, -4/16 HPs)
             Began as a Spriggan Enchanter on Aug 9, 2022.
             Killed by divine providence
             ... invoked by an orc priest
              (14 damage)
             ... on level 2 of the Dungeon.
             The game lasted 00:02:22 (2351 turns).

drpainis the Sneak (Spriggan Enchanter)             Turns: 2351, Time: 00:02:22

Health: -4/16      AC:  2    Str:  4    XL:     3   Next: 64%
Magic:  8/8        EV: 17    Int: 18    God:
Gold:   99         SH:  0    Dex: 15    Spells: 0/8 levels left

rFire   . . .      SeeInvis +   a - +1 dagger
rCold   . . .      Faith    .   (no shield)
rNeg    . . .      Spirit   .   b - +0 robe
rPois   .          Reflect  .   (helmet restricted)
rElec   .          Harm     .   (no cloak)
rCorr   .          Rampage  .   (gloves unavailable)
Will    .....                   (boots unavailable)
Stlth   +++.......              (no amulet)
HPRegen 0.05/turn               (no ring)
MPRegen 0.11/turn               (no ring)

@: very quick
A: very small, no large weapons, unfitting armour, see invisible, speed 3
a: no special abilities


You were on level 2 of the Dungeon.
You visited 1 branch of the dungeon, and saw 2 of its levels.

You collected 99 gold pieces.

Inventory:

Hand Weapons
 a - a +1 dagger (weapon)
Armour
 b - a +0 robe (worn)
Scrolls
 e - a scroll of poison {unknown}
 f - a scroll of fear {unknown}
 i - 2 scrolls of identify {unknown}
 k - 2 scrolls of vulnerability {unknown}
Potions
 c - 2 potions of invisibility
 d - a potion of lignification {unknown}
 g - a potion of might {unknown}
 h - a potion of resistance {unknown}
 j - a potion of curing {unknown}


   Skills:
 + Level 1.7 Short Blades
 + Level 3.0 Dodging
 + Level 5.7 Stealth
 + Level 3.2 Spellcasting
 + Level 4.1 Hexes


You couldn't memorise any spells.
You knew the following spells:

 Your Spells              Type           Power      Damage    Failure   Level
a - Ensorcelled Hibernat  Hex/Ice        20%        N/A       11%         2
b - Confusing Touch       Hex            17%        N/A       9%          3
c - Tukima's Dance        Hex            17%        N/A       9%          3

Your spell library contained the following spells:

 Spells                   Type           Power      Damage    Failure   Level
 Dazzling Flash           Conj/Hex       20%        N/A       21%         3


Dungeon Overview and Level Annotations

Branches:
Dungeon (2/15)

Altars:


Innate Abilities, Weirdness & Mutations

You are very small and have problems with some larger weapons.
You are too small for most types of armour.
You have supernaturally acute eyesight. (SInv)
You cover ground extremely quickly. (Speed+++)


Message History

Magic restored.
You start waiting.
Done waiting.
You open the door.
A goblin comes into view. It is wielding a +0 club.
A goblin is nearby!
A goblin is nearby!
A goblin is nearby!
The goblin hits you but does no damage.
There is an open door here.
You hit the goblin.
The goblin is moderately wounded.
The goblin hits you with a +0 club.
You hit the goblin.
The goblin is severely wounded.
The goblin hits you with a +0 club.
A goblin is nearby!
A goblin is nearby!
You closely miss the goblin.
The goblin is severely wounded.
The goblin hits you with a +0 club.
You hit the goblin.
You kill the goblin!
Found 11 gold pieces.
Things that are here:
a +0 club; a goblin corpse You start resting.
An orc comes into view. It is wielding a +0 club.
An orc is nearby!
An orc is nearby!
An orc is nearby!
An orc is nearby!
An orc priest comes into view. It is wielding a +0 whip.
An orc comes into view. It is wielding a +0 dagger.
The orc shouts! x2; You hear a shout! x2
An orc wizard comes into view. It is wielding a +0 dagger.
The orc priest mumbles some strange prayers to Beogh against you.
Beogh smites you!
Ouch! That really hurt!
You die...

.........#.# #.#
##.## ........#.# #.#
#..# .......#.####.#
##.# ...o...'......#
#.# ...o.o^#.####.#
#.. #'#........####
##. #.#.###..#.# #.
#.#.####.#.# #.
######'#.@.$..#.#
####
.......)#######.#####
#...
........'...........#
#.##
........#######.....#
#.## ........#
#.....# #.##
........# #.....# #.#
........# #.....# #.#
........# #.....# #.#
.########
#.....###.##


You could see an orc priest and an orc.

Vanquished Creatures
  An adder (D:2)
  A dart slug (D:1)
  3 ball pythons
  7 bats
  3 endoplasms (D:1)
  7 goblins
  3 hobgoblins
  3 jackals (D:2)
  3 kobolds (D:1)
  A quokka (D:2)
  2 frilled lizards (D:1)
  7 rats (D:1)
41 creatures vanquished.

Notes
Turn   | Place    | Note
-------+----------+-------------------------------------------
     0 | D:1      | drpainis the Spriggan Enchanter began the quest for the
                  | Orb.
     0 | D:1      | Reached XP level 1. HP: 9/9 MP: 5/5
   639 | D:1      | Reached XP level 2. HP: 13/13 MP: 6/6
   876 | D:1      | Learned a level 2 spell: Ensorcelled Hibernation
   903 | D:1      | Reached skill level 5 in Stealth
  1252 | D:1      | Reached XP level 3. HP: 16/16 MP: 8/8
  1300 | D:1      | Learned a level 3 spell: Confusing Touch
  1304 | D:1      | Learned a level 3 spell: Tukima's Dance
  2351 | D:2      | Killed from afar by an orc priest

Illustrated notes

Levels and vault maps discovered:
D:1:      psy_arrival_basics, layout_loops_ring, minivault_19
D:2:      layout_basic, nicolae_ecumenical_pavilion

Skill      XL: |  1  2  3 |
---------------+----------+-----
Spellcasting   | 3 |  3.2
Hexes          | 4 |  4.1
Stealth        | 5 |  5.7
Dodging        | 3 |  3.0
Short Blades   | |  1.7

Action                   || total
-------------------------++-------
Melee: Dagger            ||   118
 Cast: Ensorcelled Hiber ||     2
 Stab: Sleeping          ||    11
Armor: Robe              ||    14
Dodge: Dodged            ||    86

Table legend: (Time is in decaauts)
 A = Elapsed time spent in this place.
 B = Non-inter-level travel time spent in this place.
 C = Inter-level travel time spent in this place.
 D = Time resting spent in this place.
 E = Time spent auto-exploring this place.
 F = Levels seen in this place.
 G = Mean time per level.
                   A        B        C        D        E       F      G
               +--------+--------+--------+--------+--------+-----+--------+
         Total |   1926 |   1914 |     12 |    932 |    699 |   2 |  963.0 |
       Dungeon |   1926 |   1914 |     12 |    932 |    699 |   2 |  963.0 |
               +--------+--------+--------+--------+--------+-----+--------+

Top non-repeatable levels by time:
     D:1: 1310 daAuts
     D:2: 616 daAuts
